 Seeded DCSS version 0.30-a0-1053-gbd8d5ba0ad (webtiles) character file.

Game seed: 10438965823857296004 (custom seed)

44 GigaChad the Shield-Bearer (level 3, 0/30 HPs)
             Began as a Formicid Fighter on Apr 11, 2023.
             Frozen to death by an endoplasm (5 damage)
             ... on level 2 of the Dungeon.
             The game lasted 00:01:48 (782 turns).

GigaChad the Shield-Bearer (Formicid Fighter)        Turns: 782, Time: 00:01:49

Health: 0/30       AC:  7    Str: 22    XL:     3   Next: 87%
Magic:  3/3        EV:  9    Int:  7    God:
Gold:   29         SH:  5    Dex: 13    Spells: 2/2 levels left

rFire   . . .      SeeInvis +    a - +0 quarterstaff
rCold   . . .      Faith    .    c - +0 buckler
rNeg    . . .      Spirit   .    b - +0 scale mail
rPois   .          Reflect  .    (helmet unavailable)
rElec   .          Rampage  .    (no cloak)
rCorr   .                        (no gloves)
Will    .....                    (no boots) Stlth
                                 (no amulet)
HPRegen 0.25/turn                (no ring)
MPRegen 0.08/turn                (no ring)

@: no status effects
A: permanent stasis, dig shafts and tunnels, antennae 3, four strong arms
a: Dig, Shaft Self


You were on level 2 of the Dungeon.
You visited 1 branch of the dungeon, and saw 2 of its levels.

You collected 29 gold pieces.

Inventory:

Hand Weapons
 a - a +0 quarterstaff (weapon)
Armour
 b - a +0 scale mail (worn)
 c - a +0 buckler (worn)
Jewellery
 e - a ring of wizardry
 f - a ring of wizardry
 h - an amulet of regeneration
Scrolls
 g - a scroll of torment {unknown}
 k - a scroll of identify {unknown}
 l - a scroll of enchant armour {unknown}
Potions
 d - a potion of might
 i - a potion of lignification {unknown}
 j - a potion of heal wounds {unknown}


   Skills:
 * Level 3.7 Fighting
 * Level 0.7(1.4) Polearms
 - Level 2.0(2.1) Staves
 * Level 4.0 Armour
 * Level 4.5 Shields


You had 2 spell levels left.
You didn't know any spells.
Your spell library was empty.

Dungeon Overview and Level Annotations

Branches:
Dungeon (2/15)

Altars:

Annotations:
D:2 Jessica


Innate Abilities, Weirdness & Mutations

You cannot be hasted, slowed, berserked, paralysed or teleported.
You can dig through walls and to a lower floor.
You have a pair of large antennae on your head. (SInv)
Your four strong arms can wield two-handed weapons with a shield.


Message History

The giant cockroach bites you.
* * * LOW HITPOINT WARNING * * *
The dart slug bites you but does no damage.
You block the endoplasm's attack.
You thump the adder!
You kill the adder!
You feel sick.
You are no longer poisoned.
The giant cockroach barely misses you. x2; You block the dart slug's attack.
You block the endoplasm's attack.
Your Armour skill increases to level 4!
You closely miss the giant cockroach.
The giant cockroach completely misses you.
The endoplasm hits you but does no damage.
The dart slug launches a dart at you. The slug dart hits you.
* * * LOW HITPOINT WARNING * * *
You hit the giant cockroach.
The giant cockroach is severely wounded.
The giant cockroach bites you but does no damage.
The endoplasm misses you.
Jessica the Apprentice Sorceress comes into view.
She is wielding a +0 club.
The giant cockroach bites you but does no damage.
You hit the giant cockroach.
You kill the giant cockroach!
The dart slug launches a dart at you.
The slug dart hits you but does no damage.
The endoplasm freezes you.
You are frozen.
* * * LOW HITPOINT WARNING * * *
Are you sure you want to shaft yourself?
Jessica says, "I'm really upset."
The endoplasm hits you but does no damage.
The dart slug launches a dart at you.
The slug dart hits you but does no damage.
You begin to dig a shaft.
You continue digging a shaft.
Jessica shouts, "Stop bothering me, or I'll kill you!"
The endoplasm freezes you.
You are frozen.
You die...

#...# #### #...#
....###+#...#
............#
...@........#
......$....#
......w....#
......†@...#######
......J....'.....#
##+#.......#####.#
.......###.. #.#
#...$.>.# .## #.#
#........ .# #.#
#........ ..
#.#######
#........
..####.......#
.....#.#......


You could see a dart slug, Jessica and an endoplasm.

Vanquished Creatures
  An adder (D:2)
  2 dart slugs
  5 ball pythons (D:1)
  2 endoplasms (D:1)
  2 giant cockroaches
  3 goblins
  2 hobgoblins (D:1)
  2 quokkas
  A bat (D:2)
  5 kobolds (D:1)
  4 rats (D:1)
29 creatures vanquished.

Notes
Turn   | Place    | Note
-------+----------+-------------------------------------------
     0 | D:1      | GigaChad the Formicid Fighter began the quest for the Orb.
     0 | D:1      | Reached XP level 1. HP: 18/18 MP: 1/1
   172 | D:1      | Reached XP level 2. HP: 24/24 MP: 2/2
   433 | D:1      | Reached XP level 3. HP: 25/29 MP: 3/3
   779 | D:2      | Noticed Jessica
   782 | D:2      | Frozen to death by an endoplasm

Illustrated notes

Levels and vault maps discovered:
D:1:      ncdulo_wetmaze, layout_loops_ring
D:2:      layout_basic, uniq_jessica

Skill      XL: |  1  2  3 |
---------------+----------+-----
Armour         | 4 |  4.0
Fighting       | |  3.7
Polearms       | |  0.7
Staves         | |  2.0
Shields        | |  4.5

Action                     || total
---------------------------++-------
  Melee: Quarterstaff      ||    74
Ability: Shaft Self        ||     1
    Use: Scroll            ||     1
 Armour: Scale mail        ||    54
  Dodge: Dodged            ||    34
  Block: Buckler           ||    23

Table legend: (Time is in decaauts)
 A = Elapsed time spent in this place.
 B = Non-inter-level travel time spent in this place.
 C = Inter-level travel time spent in this place.
 D = Time resting spent in this place.
 E = Time spent auto-exploring this place.
 F = Levels seen in this place.
 G = Mean time per level.
                   A        B        C        D        E       F      G
               +--------+--------+--------+--------+--------+-----+--------+
         Total |    804 |    766 |     38 |      0 |    576 |   2 |  402.0 |
       Dungeon |    804 |    766 |     38 |      0 |    576 |   2 |  402.0 |
               +--------+--------+--------+--------+--------+-----+--------+

Top non-repeatable levels by time:
     D:1: 718 daAuts
     D:2: 85 daAuts
